 Dungeon Crawl Stone Soup version 0.27.0-1-g7a089689b8 (webtiles) character file.

Game seed: 7216669391697253706

118 horus123 the Sneak (level 5, -2/31 HPs)
             Began as a Kobold Brigand on Aug 8, 2021.
             Killed from afar by an orc wizard (8 damage)
             ... with a puff of flame
             ... on level 3 of the Dungeon.
             The game lasted 00:06:19 (3123 turns).

horus123 the Sneak (Kobold Brigand)                 Turns: 3123, Time: 00:06:20

Health: -2/31      AC:  3    Str:  8    XL:     5   Next: 23%
Magic:  5/5        EV: 14    Int: 13    God:
Gold:   160        SH:  0    Dex: 17    Spells: 3/4 levels left

rFire    . . .     SeeInvis .   a - +2 dagger
rCold    . . .     Faith    .   (shield restricted)
rNeg     . . .     Spirit   .   b - +0 robe
rPois    .         Reflect  .   (no helmet)
rElec    .         Harm     .   c - +0 cloak
rCorr    .         Rampage  .   (no gloves)
Will     .....                  (no boots)
Stlth    +++++.....             (no amulet)
HPRegen  0.10/turn              (no ring)
MPRegen  0.09/turn              (no ring)

@: no status effects
A: small, no large weapons, nightstalker 3
a: no special abilities


You were on level 3 of the Dungeon.
You visited 1 branch of the dungeon, and saw 3 of its levels.

You collected 160 gold pieces.

Inventory:

Hand Weapons
 a - a +2 dagger (weapon)
Missiles
 d - 8 poisoned darts (quivered)
 e - 2 curare-tipped darts
Armour
 b - a +0 robe (worn)
 c - a +0 cloak (worn)
Wands
 o - a wand of paralysis (8)
Scrolls
 f - a scroll of blinking
 g - a scroll of magic mapping {unknown}
 h - a scroll of torment
Potions
 i - a potion of cancellation {unknown}
 k - a potion of flight {unknown}
 l - a potion of heal wounds {unknown}
 m - 2 potions of mutation {unknown}
 n - a potion of haste {unknown}


   Skills:
 + Level 2.3 Fighting
 + Level 3.9 Short Blades
 + Level 2.1 Throwing
 + Level 1.9 Dodging
 * Level 7.6 Stealth


You had 3 spell levels left.
You knew the following spells:

 Your Spells              Type           Power      Damage    Failure   Level
a - Magic Dart            Conj           0%         1d3       30%         1

Your spell library contained the following spells:

 Spells                   Type           Power      Damage    Failure   Level
 Call Imp                 Summ           0%         N/A       43%         2
 Corpse Rot               Necr/Air       N/A        N/A       43%         2
 Poisonous Vapours        Pois/Air       0%         N/A       43%         2
 Mephitic Cloud           Conj/Pois/Air  0%         N/A       67%         3
 Freezing Cloud           Conj/Ice/Air   0%         6-21      100%        5


Dungeon Overview and Level Annotations

Branches:
Dungeon (3/15)

Altars:
Zin


Innate Abilities, Weirdness & Mutations

You are small and have problems with some larger weapons.
You are completely attuned to the shadows.


Message History

The puff of flame misses you.
You closely miss the orc wizard.
The orc wizard is heavily wounded.
The orc wizard gestures wildly while chanting.
The orc wizard flickers and vanishes!
Deactivating autopickup; reactivate with Ctrl-A.
You closely miss something.
You hear some strange, mumbled words.
A magic dart appears from out of thin air!
The magic dart hits you.
You closely miss something.
You hear some strange, mumbled words.
You are confused.
You barely miss something. Something hits you but does no damage.
You bump into the rock wall.
Something hits you but does no damage.
You closely miss something. You closely miss something. Something hits you.
You bump into the rock wall.
Something hits you.
You bump into the rock wall.
Something hits you but does no damage.
You closely miss something.
You hear some strange, mumbled words.
You are more confused.
You miss something. Something hits you.
You bump into the rock wall.
Something hits you.
* * * LOW HITPOINT WARNING * * *
You hit something but do no damage. Something hits you.
* * * LOW HITPOINT WARNING * * *
You bump into the rock wall.
Something hits you.
* * * LOW HITPOINT WARNING * * *
You miss something. You hit something. Something hits you but does no damage.
You bump into the rock wall.
You feel less confused. Something hits you.
* * * LOW HITPOINT WARNING * * *
You closely miss something.
You hear some strange, mumbled words.
A puff of flame appears from out of thin air!
The puff of flame hits you!
You die...

#.# #..†..#
#####'### #.#
###.###
#....#.... #.#
#.....#..#####..
#.#
#######....#....
#.#####
#....#....
#......
#.###_###.
#.#####
#....#....
##.########
#...[#....
#...l{@....
#..#####..
#...#######
#....#....
#.#)..l.
#####'####
#..o####
......... #...#
#.#####.# #...#
#........
.######. #. #.


You could see a frilled lizard.

Vanquished Creatures
  Ijyb (D:3)
  4 adders
  2 worms
  2 orcs (D:3)
  2 ball pythons (D:1)
  3 endoplasms
  A giant cockroach (D:3)
  6 goblins
  7 hobgoblins
  3 jackals (D:2)
  A kobold (D:1)
  4 quokkas
  4 bats (D:1)
  3 frilled lizards
  4 rats (D:1)
47 creatures vanquished.

Notes
Turn   | Place    | Note
-------+----------+-------------------------------------------
     0 | D:1      | horus123 the Kobold Brigand began the quest for the Orb.
     0 | D:1      | Reached XP level 1. HP: 12/12 MP: 1/1
   213 | D:1      | Reached XP level 2. HP: 17/17 MP: 2/2
   337 | D:1      | Reached skill level 6 in Stealth
   951 | D:1      | Reached XP level 3. HP: 21/21 MP: 3/3
  1681 | D:2      | Learned a level 1 spell: Magic Dart
  2050 | D:2      | Reached XP level 4. HP: 26/26 MP: 4/4
  2104 | D:2      | Found a glowing silver altar of Zin.
  2186 | D:2      | Reached skill level 7 in Stealth
  2486 | D:3      | Noticed Ijyb
  2487 | D:3      | Killed Ijyb
  2547 | D:3      | Reached XP level 5. HP: 9/31 MP: 5/5
  3017 | D:3      | Found a faded altar of an unknown god.
  3123 | D:3      | Killed from afar by an orc wizard

Illustrated notes

Levels and vault maps discovered:
D:1:      evilmike_arrival_hilbert_curve, layout_loops_ring
D:2:      layout_loops_ring, basic_altar
D:3:      layout_loops_ring, mainiacjoe_overflow_surrounded_room,
          good_gods_mini_temple, shapermc_ecumenical_altar_notcrosses,
          uniq_ijyb, uniq_purgy

Skill      XL: |  1  2  3  4 |
---------------+-------------+-----
Short Blades   | 3 |  3.9
Stealth        | 6 7 |  7.6
Fighting       | |  2.3
Throwing       | |  2.1
Dodging        | |  1.9

Action                   |  1- 3 |  4- 6 || total
-------------------------+-------+-------++-------
Melee: Dagger            |   114 |    80 ||   194
 Cast: Magic Dart        |     4 |       ||     4
  Use: Scroll            |     4 |     4 ||     8
 Stab: Sleeping          |    17 |     4 ||    21
       Distracted        |       |     1 ||     1
Armor: Robe              |    16 |    10 ||    26
Dodge: Dodged            |    49 |    27 ||    76
